 Dungeon Crawl Stone Soup version 0.29-a0-418-gc0181ea820 (webtiles) character file.

Game seed: 4376684590490985579

107 quokkamancerX the Chopper (level 4, -8/39 HPs)
             Began as a Hill Orc Fighter on May 17, 2022.
             Was an Initiate of Gozag.
             Mangled by an ice beast (12 damage)
             ... on level 3 of the Dungeon.
             The game lasted 00:08:10 (1869 turns).

quokkamancerX the Chopper (Hill Orc Fighter)        Turns: 1869, Time: 00:08:11

Health: -8/39      AC:  7    Str: 20    XL:     4   Next: 85%
Magic:  4/4        EV:  9    Int:  8    God:    Gozag
Gold:   76         SH:  4    Dex: 10    Spells: 3/3 levels left

rFire   . . .      SeeInvis +   a - +0 war axe
rCold   . . .      Faith    .   c - +0 buckler
rNeg    . . .      Spirit   .   b - +0 scale mail
rPois   .          Reflect  .   (no helmet)
rElec   .          Harm     .   (no cloak)
rCorr   .          Rampage  .   (no gloves)
Will    .....                   (no boots)
Stlth   ..........              (no amulet)
HPRegen 0.13/turn               i - ring of see invisible
MPRegen 0.09/turn               (no ring)

@: mighty
A: no striking features
a: Renounce Religion, Potion Petition, Call Merchant, Bribe Branch


You were on level 3 of the Dungeon.
You worshipped Gozag.
Gozag was noncommittal.
You visited 1 branch of the dungeon, and saw 3 of its levels.

You collected 116 gold pieces.
You paid 40 gold pieces to Gozag.

Inventory:

Hand Weapons
 a - a +0 war axe (weapon)
Missiles
 f - 6 poisoned darts (quivered)
Armour
 b - a +0 scale mail (worn)
 c - a +0 buckler (worn)
Jewellery
 i - a ring of see invisible (left hand)
Scrolls
 e - a scroll of vulnerability {unknown}
 g - a scroll of teleportation {unknown}
 h - a scroll of blinking {unknown}
 j - a scroll of brand weapon {unknown}
 o - a scroll of immolation {unknown}
 p - a scroll of magic mapping {unknown}
Potions
 d - a potion of might
 k - a potion of lignification
 l - a potion of magic
 m - a potion of curing


   Skills:
 - Level 3.6 Fighting
 + Level 4.9 Axes
 + Level 4.8 Armour
 - Level 3.2 Shields


You had 3 spell levels left.
You didn't know any spells.
Your spell library contained the following spells:

 Spells                   Type           Power      Damage    Failure   Level
 Magic Dart               Conj           0%         1d3       83%         1
 Call Imp                 Summ           0%         N/A       93%         2
 Dazzling Flash           Conj/Hex       0%         N/A       99%         3
 Mephitic Cloud           Conj/Pois/Air  0%         N/A       99%         3
 Agony                    Necr           0%         N/A       100%        5
 Silence                  Hex/Air        0%         N/A       100%        5


Dungeon Overview and Level Annotations

Branches:
Dungeon (3/15)

Altars:
Gozag
Vehumet
Wu Jian


Message History

You feel very mighty all of a sudden.
You barely miss the ice beast. The ice beast misses you.
You hit the ice beast.
The ice beast is lightly wounded.
The ice beast hits you but does no damage. x2
You barely miss the ice beast.
The ice beast is lightly wounded.
The ice beast hits you but does no damage.
You hit the ice beast but do no damage.
The ice beast is lightly wounded.
The ice beast hits you but does no damage.
You closely miss the ice beast.
The ice beast is lightly wounded.
The ice beast hits you but does no damage.
The ice beast barely misses you.
You closely miss the ice beast.
The ice beast is lightly wounded.
The ice beast misses you.
You slash the ice beast!
The ice beast is moderately wounded.
The ice beast hits you. The ice beast freezes you.
You closely miss the ice beast.
The ice beast is moderately wounded.
The ice beast hits you but does no damage.
The ice beast barely misses you.
You completely miss the ice beast.
The ice beast is moderately wounded.
The ice beast hits you. The ice beast freezes you.
You are too injured to fight recklessly!
You closely miss the ice beast.
The ice beast is moderately wounded.
The ice beast hits you. The ice beast freezes you!
* * * LOW HITPOINT WARNING * * *
You barely miss the ice beast.
The ice beast is moderately wounded.
The ice beast hits you.
* * * LOW HITPOINT WARNING * * *
The ice beast freezes you!
You die...
Your body crumbles into a pile of gold.

..#######.#######
######..........####
#..................#
#.###......####.##.....
##.###.###..# #.# ####
.......# #..# #.#
.#.###.###.# #.# .#.#
#.....# #Y#
...#####.#######@#
.................#
.........#########
########## # #


You could see an ice beast.

Vanquished Creatures
  3 gnolls
  2 adders
  A worm (D:2)
  2 dart slugs
  7 ball pythons
  5 bats
  3 endoplasms
  4 goblins
  3 hobgoblins
  6 jackals
  6 kobolds
  3 quokkas
  2 frilled lizards (D:1)
  2 rats (D:1)
  A spectral goblin (D:2)
50 creatures vanquished.

Notes
Turn   | Place    | Note
-------+----------+-------------------------------------------
     0 | D:1      | quokkamancerX the Hill Orc Fighter began the quest for the
                  | Orb.
     0 | D:1      | Reached XP level 1. HP: 19/19 MP: 1/1
   119 | D:1      | Reached XP level 2. HP: 26/26 MP: 2/2
   498 | D:1      | Reached XP level 3. HP: 31/31 MP: 3/3
   860 | D:2      | Found a faded altar of an unknown god.
   917 | D:2      | Found an ornate altar of the Wu Jian Council.
   966 | D:2      | Reached XP level 4. HP: 33/39 MP: 4/4
  1751 | D:3      | Found an opulent altar of Gozag.
  1751 | D:3      | Found a radiant altar of Vehumet.
  1767 | D:3      | Became a worshipper of Gozag Ym Sagoz the Greedy
  1846 | D:3      | Noticed an ice beast
  1869 | D:3      | Mangled by an ice beast

Illustrated notes

Levels and vault maps discovered:
D:1:      dpeg_arrival_tiny_c, layout_loops_cross
D:2:      layout_rooms, dreamdust_ecumenical_altar_drowned_temple, basic_altar
D:3:      layout_loops_ring, elyvilon_altar_3, gammafunk_temple_overflow_pools

Skill      XL: |  1  2  3 |
---------------+----------+-----
Axes           | 3 4 |  4.9
Armour         | 4 |  4.8
Fighting       | |  3.6
Shields        | |  3.2

Action                   |  1- 3 |  4- 6 || total
-------------------------+-------+-------++-------
Melee: War axe           |    89 |    47 ||   136
  Use: Scroll            |     1 |     3 ||     4
       Potion            |       |     1 ||     1
Armor: Scale mail        |    49 |    18 ||    67
Dodge: Dodged            |    40 |    17 ||    57
Block: Buckler           |    30 |     6 ||    36

Table legend: (Time is in decaauts)
 A = Elapsed time spent in this place.
 B = Non-inter-level travel time spent in this place.
 C = Inter-level travel time spent in this place.
 D = Time resting spent in this place.
 E = Time spent auto-exploring this place.
 F = Levels seen in this place.
 G = Mean time per level.
                   A        B        C        D        E       F      G
               +--------+--------+--------+--------+--------+-----+--------+
         Total |   1925 |   1881 |     44 |    252 |    851 |   3 |  641.7 |
       Dungeon |   1925 |   1881 |     44 |    252 |    851 |   3 |  641.7 |
               +--------+--------+--------+--------+--------+-----+--------+

Top non-repeatable levels by time:
     D:1: 850 daAuts
     D:2: 645 daAuts
     D:3: 429 daAuts
